 Dungeon Crawl Stone Soup version 0.30.0-29-ga12c61a403 (webtiles) character file.

Game seed: 3318039836851808057

207566 Tirrikindir the Warrior (level 18, -15/174 HPs)
             Began as an Octopode Fighter on June 21, 2023.
             Was the Champion of Trog.
             Blown up by an orb spider (59 damage)
             ... with an orb of destruction
             ... on level 3 of the Spider Nest.
             The game lasted 01:46:47 (26533 turns).

Tirrikindir the Warrior (Octopode Fighter)         Turns: 26533, Time: 01:46:48

Health: -15/174    AC:  9    Str: 23    XL:     18   Next: 75%
Magic:  0/18       EV: 37    Int: 11    God:    Trog [******]
Gold:   342        SH: 14    Dex: 19    Spells: 17/17 levels left

rFire   . . .        W - +7 demon blade (flame)
rCold   + . .        y - +0 kite shield
rNeg    + + +        (helmet restricted)
rPois   +            t - amulet "Qemumekk" {Spirit rC- rN+++ Regen+}
rElec   .            d - +5 ring of evasion
rCorr   .            T - +4 ring of protection
SInv    .            A - ring of poison resistance
Will    +++..        J - +4 ring of slaying
Stlth   ++++++       v - ring of Wubrutud {Dex+6 Slay+5}
HPRegen 2.29/turn    P - ring of protection from cold
MPRegen 0.16/turn    u - +4 ring of protection
                     S - ring of the Hare {EV+10}

%: guardian spirit
@: strong-willed, on berserk cooldown, regenerating, slowed, very slow
A: almost no armour, amphibious, 8 rings, camouflage 1, gelatinous body 1,
(nimble swimmer 1), tentacles, cold resistance 1, robust 2, strong 1
}: 1/15 runes: barnacled
a: Renounce Religion, Berserk, Trog's Hand, Brothers in Arms


You were on level 3 of the Spider Nest.
You worshipped Trog.
Trog was exalted by your worship.
You visited 6 branches of the dungeon, and saw 30 of its levels.
You also visited: Sewer, Ossuary, Bailey and Gauntlet.

You collected 2660 gold pieces.
You spent 2318 gold pieces at shops.

Inventory:

Hand Weapons
 W - a +7 demon blade of flaming (weapon)
Missiles
 w - 15 poisoned darts (quivered)
Armour
 y - a +0 kite shield (worn)
Jewellery
 d - a +5 ring of evasion (left tentacle)
 o - a ring of protection from cold
 s - a ring of flight
 t - the amulet "Qemumekk" (around mantle) {Spirit rC- rN+++ Regen+}
   (You bought it in a shop on level 1 of the Orcish Mines)

   [amulet of guardian spirit]

   It causes incoming damage to be divided between your reserves of health and
   magic.
   rC:        It makes you vulnerable to cold.
   rN:        It renders you almost immune to negative energy.
   Regen:     It increases your rate of health regeneration.
 u - a +4 ring of protection (on tentacle)
 v - the ring of Wubrutud (on tentacle) {Dex+6 Slay+5}
   (You bought it in a shop on level 2 of the Orcish Mines)

   [ring of dexterity]

   Dex:       It affects your dexterity (+6).
   Slay:      It affects your accuracy & damage with ranged weapons and melee
   (+5).
 A - a ring of poison resistance (on tentacle)
 J - a +4 ring of slaying (on tentacle)
 P - a ring of protection from cold (on tentacle)
 S - the ring of the Hare (on tentacle) {EV+10}
   (You found it in a Gauntlet)

   [ring of evasion]

   EV:        It affects your evasion (+10).
 T - a +4 ring of protection (right tentacle)
Wands
 i - a wand of acid (12)
 D - a wand of digging (4)
 F - a wand of iceblast (3)
 H - a wand of polymorph (20)
 L - a wand of charming (26)
 Q - a wand of flame (14)
 R - a wand of mindburst (4)
Scrolls
 b - 3 scrolls of poison
 f - 2 scrolls of immolation
 g - a scroll of enchant weapon
 h - 10 scrolls of teleportation
 j - 4 scrolls of magic mapping
 k - 5 scrolls of fog
 n - 3 scrolls of blinking
 E - 3 scrolls of silence
 G - 5 scrolls of fear
 I - 2 scrolls of summoning
Potions
 a - a potion of berserk rage
 c - 10 potions of might
 e - 2 potions of cancellation
 l - 9 potions of ambrosia
 m - 11 potions of curing
 p - a potion of magic
 x - 3 potions of haste
 K - 3 potions of invisibility
 N - 7 potions of heal wounds
 X - 2 potions of resistance
Miscellaneous
 U - a box of beasts
 V - a phantom mirror
 Z - a phial of floods


   Skills:
 * Level 20.1 Fighting
 * Level 17.6 Long Blades
 - Level 3.0 Throwing
 + Level 13.7 Dodging
 - Level 10.0 Stealth
 + Level 13.7 Shields
 + Level 11.0 Evocations


You had 17 spell levels left.
You didn't know any spells.
Your spell library contained the following spells:

 Spells                   Type           Power      Damage    Failure   Level
 Sting                    Tmut/Pois      0%         1d3       50%         1


Dungeon Overview and Level Annotations

Branches:
Dungeon (15/15)            Temple (1/1) D:6            Lair (5/5) D:10
 Shoals (4/4) Lair:2       Spider (3/4) Lair:2        Slime (0/5) Lair:5
    Orc (2/2) D:11            Elf (0/3) Orc:2        Vaults (0/5) D:14
 Depths (0/4) D:15          Sewer (visited)         Ossuary (visited)
 Bailey (visited)         Gauntlet (visited)

Altars:
Ashenzari
Cheibriados
Dithmenos
Elyvilon
Fedhas
Gozag
Hepliaklqana
Kikubaaqudgha
Makhleb
Nemelex Xobeh
Okawaru
Qazlal
Ru
Sif Muna
Trog
Uskayaw
Vehumet
Wu Jian
Xom
Yredelemnul
Zin
The Shining One
Lugonu

Shops:
D:4 *   D:6 ?   D:10 [   D:12 ?   Orc:1 *=?[   Orc:2 !(*=   Shoals:1 *

Portals:
Abyss: Lair:5


Innate Abilities, Weirdness & Mutations

You cannot wear most types of armour.
You are amphibious.
You can wear up to eight rings at the same time.
Your skin changes colour to match your surroundings (Stealth+).
Your rubbery body absorbs attacks. (AC +1, EV +1)
((You are camouflaged when in or above water. (Stealth+)))
You have tentacles for arms and can constrict up to eight enemies at once.
Your flesh is cold resistant. (rC+)
You are very robust. (+20% HP)
Your muscles are strong. (Str +4, Int/Dex -1)


Message History

You slash the tarantella! You burn the tarantella.
You kill the tarantella!
Trog accepts your kill. The pharaoh ant bites you!!
You slash the pharaoh ant! You burn the pharaoh ant.
Your grab misses the pharaoh ant.
The pharaoh ant is moderately damaged.
The pharaoh ant barely misses you.
The orb spider weaves a glowing orb of energy.
You block the pharaoh ant's attack.
An orb of destruction comes into view.
The pharaoh ant attacks as you move away!
You block the pharaoh ant's attack. The orb of destruction hits you!!!
The orb spider pulsates with a strange energy.
The pharaoh ant barely misses you.
You see here a wolf spider corpse.
You slash the pharaoh ant! You burn the pharaoh ant. You grab the pharaoh ant.
The pharaoh ant is severely damaged.
You constrict the pharaoh ant.
The pharaoh ant bites you but does no damage.
You block the redback's attack.
You slash the redback! You burn the redback. You grab the redback.
You squeeze the redback!
You kill the redback!
Trog accepts your kill.
You constrict the pharaoh ant. You block the pharaoh ant's attack.
The pharaoh ant completely misses you.
The orb spider begins to weave its threads into a brightly glowing ball.
You slash the pharaoh ant! You burn the pharaoh ant.
You destroy the pharaoh ant!
Trog accepts your kill.
The pharaoh ant binds the souls of nearby monsters.
The orb spider weaves a glowing orb of energy. x2 2 orbs of destruction come into view.
Things that are here:
a tarantella corpse; a spark wasp corpse The orb of destruction hits you!!!
* * * LOW HITPOINT WARNING * * *
The orb of destruction hits you!!!
You die...

**,,*,,s.,******^,,,,,,,,,,*
*,,**^,..,*,,*,*,,,,.,,,,,,,
**###*,..,,,,,,*,,,..,,,,,,,
*,...###.,,,,,**,...,,,,,,,,
**.....#.,,,,,**..#,,,*,,,,,
*.^.....,>,^,*^..#******,,,
**.......######..#* **,, ***
*,..^...s...^....#..* ###
*,,,,** *, ,,,,,,,.#..###*
****,,,,** **, *,,,,,*,#.,^*
*,^**,,,,****,,
*,,,,,***,,***
**,,,,,,,*,****
**,,,***,,,,,*
*<,,,,,,,,,*^,,


You could see 2 orb spiders.

Vanquished Creatures
  Saint Roka (Orc:2)
  Jorgrun (Orc:1)
  A kraken (Shoals:3)
  Kirke (D:13)
  Roxanne (Spider:1)
  A storm dragon (Shoals:4)
  6 emperor scorpions (Spider:1)
  A stone giant (D:15)
  2 broodmothers (Spider:2)
  The ghost of monsoonserge the Carver, a journeyman MeGl of Dithmenos (Lair:3)
  3 spark wasps
  A minotaur (Gauntlet)
  Snorg (D:13)
  8 merfolk impalers
  3 entropy weavers
  4 merfolk javelineers
  An ice dragon (shapeshifter) (Lair:5)
  Fannar (Orc:1)
  5 vault guards
  3 hydras
  A catoblepas (D:13)
  A merfolk avatar (Shoals:2)
  3 alligator snapping turtles
  3 centaur warriors
  7 two-headed ogres
  6 merfolk aquamancers
  2 boulder beetles
  4 death yaks (Gauntlet)
  A radroach (Spider:2)
  2 tengu warriors (D:15)
  3 satyrs
  Urug (Orc:2)
  4 thrashing horrors (Lair:5)
  3 orc high priests (Orc:2)
  Amaemon (D:10)
  Nergalle (D:10)
  6 skysharks
  4 pharaoh ants
  9 sea snakes
  A sun moth (Spider:2)
  A wizard (D:14)
  5 orb spiders
  Pikel (D:7)
  A lindwurm (Lair:3)
  3 steelbarb worms
  24 harpies
  9 orc knights
  11 wolf spiders
  4 oklob plants
  5 orc sorcerers
  18 ugly things
  13 fauns
  A deep elf pyromancer (D:13)
  A moth of wrath (Lair:3)
  3 cyclopes
  10 manticores
  8 merfolk sirens
  A large abomination (Lair:5)
  12 water nymphs
  19 elephants
  A black mamba (Lair:3)
  3 demonic crawlers
  A torpor snail (Gauntlet)
  The ghost of Fodor the Covered, a novice MiFi of Dithmenos (D:5)
  A smoke demon (Lair:5)
  13 cane toads
  Joseph (D:10)
  2 gargoyles
  Maggie (D:10)
  2 unseen horrors
  A minotaur zombie (Gauntlet)
  An orange demon (D:10)
  An unseen horror (shapeshifter) (Lair:5)
  4 rime drakes
  A kobold demonologist (D:10)
  A yaktaur (D:14)
  A freezing wraith (D:14)
  9 komodo dragons
  A tengu conjurer (D:14)
  6 meliai
  An ancient zyme (Lair:5)
  A queen bee (D:11)
  3 trolls
  25 merfolk
  4 hornets
  A polar bear (Lair:2)
  11 wind drakes
  16 tarantellas
  Prince Ribbit (Bailey)
  13 blink frogs
  2 meliai zombies (D:11)
  7 air elementals (Shoals:4)
  6 jumping spiders
  4 snapping turtles
  9 culicivoras
  21 slime creatures
  6 flying skulls (Gauntlet)
  6 spriggans
  34 water elementals
  A shadow (D:11)
  50 yaks
  2 ynoxinuls (Lair:5)
  8 small abominations (Lair:5)
  3 wraiths (D:11)
  5 wyverns
  Eustachio (D:5)
  A hog (shapeshifter) (D:14)
  11 humans
  9 basilisks
  A hog (D:13)
  The ghost of ChiefBigBeans the Ducker, an amateur DsGl (D:6)
  A chaos spawn (Lair:5)
  A steam dragon (D:6)
  25 redbacks
  Menkaure (Ossuary)
  8 vampire mosquitoes
  A warg (Orc:1)
  15 water moccasins
  An acid dragon (D:9)
  33 orc warriors
  A black bear (D:6)
  12 ogres
  3 wolves (Lair:3)
  7 centaurs
  A lemure (D:7)
  2 phantoms
  3 kobold brigands
  24 bullfrogs
  3 scorpions
  A gnoll sergeant (D:10)
  6 wights
  35 killer bees
  2 electric eels
  4 howler monkeys
  A crimson imp (D:8)
  31 orc priests
  A hound (D:4)
  10 centaur zombies
  2 jellies
  A gnoll bouda (D:10)
  4 iguanas
  27 orc wizards
  4 hell rats (Lair:4)
  A boggart zombie (D:11)
  2 centaur simulacra
  A spectral howler monkey (D:6)
  3 mummies (Ossuary)
  14 gnolls
  3 river rats (Sewer)
  7 adders
  2 white imps
  A worm (D:7)
  4 dart slugs
  131 orcs
  3 bats
  8 endoplasms
  A giant cockroach (D:3)
  A gnoll zombie (Ossuary)
  16 goblins
  8 hobgoblins
  11 jackals
  7 quokkas
  4 ball pythons
  5 frilled lizards
  3 gnoll skeletons (Ossuary)
  5 goblin skeletons (Ossuary)
  11 goblin zombies
  6 hobgoblin skeletons (Ossuary)
  3 hobgoblin zombies (Ossuary)
  15 kobolds
  2 kobold skeletons (Ossuary)
  6 kobold zombies (Ossuary)
  3 orc skeletons (Ossuary)
  3 orc zombies (Ossuary)
  7 rats
  6 rat skeletons (Ossuary)
  2 rat zombies (Ossuary)
  A butterfly (Lair:5)
1152 creatures vanquished.

Vanquished Creatures (collateral kills)
  A merfolk impaler (Shoals:4)
  2 merfolk javelineers (Shoals:4)
  A merfolk aquamancer (Shoals:4)
  2 harpies (Shoals:4)
  A wind drake (Shoals:4)
  An air elemental (Shoals:4)
8 creatures vanquished.

Vanquished Creatures (others)
  A harpy (Shoals:4)
  A human (D:13)
2 creatures vanquished.

Grand Total: 1162 creatures vanquished

Notes
Turn   | Place    | Note
-------+----------+-------------------------------------------
     0 | D:1      | Tirrikindir the Octopode Fighter began the quest for the
                  | Orb.
     0 | D:1      | Reached XP level 1. HP: 16/16 MP: 1/1
   190 | D:1      | Reached XP level 2. HP: 20/21 MP: 2/2
   274 | D:1      | Reached skill level 1 in Stealth
   458 | D:1      | Found a faded altar of an unknown god.
   461 | D:1      | Got Plato's Meditations on Putridity
   639 | D:1      | Reached XP level 3. HP: 24/26 MP: 3/3
   864 | D:2      | Identified the +1 longbow of Virholaf {drain, Int+6}
  1252 | D:2      | Reached XP level 4. HP: 27/31 MP: 4/4
  1486 | D:3      | Noticed a phantom
  1497 | D:3      | Killed a phantom
  1498 | D:3      | Reached XP level 5. HP: 17/36 MP: 5/5
  2052 | D:3      | Reached XP level 6. HP: 29/43 MP: 6/6
  2137 | D:3      | Found a shimmering altar of Xom.
  2140 | D:3      | Found a bloodstained altar of Trog.
  2143 | D:3      | Found a glowing golden altar of the Shining One.
  2340 | D:3      | Became a worshipper of Trog the Wrathful
  2574 | D:4      | Reached skill level 4 in Fighting
  2992 | D:4      | Reached XP level 7. HP: 48/48 MP: 7/7
  3038 | D:4      | Found Mosoidut's Mayhem Merchandise.
  3049 | D:4      | Reached * piety under Trog
  3400 | D:4      | Found a blossoming altar of Fedhas.
  3400 | D:4      | Found a faded altar of an unknown god.
  3405 | D:4      | Found a faded altar of an unknown god.
  3407 | D:4      | Found an ornate altar of the Wu Jian Council.
  3408 | D:4      | Found an opulent altar of Gozag.
  3563 | D:5      | Entered Level 5 of the Dungeon
  3565 | D:5      | Found a large runed translucent door.
  3566 | D:5      | Found a large runed translucent door.
  3567 | D:5      | Noticed Fodor's ghost (novice MiFi)
  3656 | D:5      | Found a glowing drain.
  3667 | Sewer    | Entered a sewer
  3760 | Sewer    | Reached skill level 5 in Long Blades
  3780 | Sewer    | Found a white marble altar of Elyvilon.
  3950 | D:5      | Found a runed translucent door.
  3950 | D:5      | Noticed a human
  3957 | D:5      | Found a basalt altar of Yredelemnul.
  3965 | D:5      | Killed a human
  3966 | D:5      | Reached skill level 5 in Stealth
  4105 | D:5      | Reached XP level 8. HP: 54/54 MP: 8/8
  4130 | D:5      | Reached skill level 5 in Fighting
  4188 | D:5      | Reached ** piety under Trog
  4283 | D:5      | Noticed Eustachio
  4294 | D:5      | Killed Eustachio
  4773 | D:6      | Found Ycyradi's Magic Scroll Boutique.
  4773 | D:6      | Found a staircase to the Ecumenical Temple.
  4796 | D:6      | Reached skill level 5 in Shields
  4967 | D:6      | Found a runed translucent gate.
  4967 | D:6      | Found a runed translucent gate.
  4973 | D:6      | Bought a scroll of identify for 24 gold pieces
  4973 | D:6      | Bought a scroll of identify for 24 gold pieces
  4973 | D:6      | Bought a scroll of identify for 24 gold pieces
  4973 | D:6      | Bought a scroll of identify for 24 gold pieces
  4974 | D:6      | Found a runed translucent gate.
  4976 | D:6      | Noticed ChiefBigBeans's ghost (amateur DsGl)
  5014 | D:6      | Killed ChiefBigBeans's ghost
  5136 | D:6      | Reached XP level 9. HP: 61/61 MP: 9/9
  5624 | D:6      | Gained mutation: You are weak. (Str -2) [potion of
                  | mutation]
  5624 | D:6      | Gained mutation: You are frail. (-10% HP) [potion of
                  | mutation]
  5625 | D:6      | Lost mutation: You are frail. (-10% HP) [potion of
                  | mutation]
  5625 | D:6      | Lost mutation: You are weak. (Str -2) [potion of mutation]
  5625 | D:6      | Gained mutation: You are robust. (+10% HP) [potion of
                  | mutation]
  5625 | D:6      | Gained mutation: Your muscles are strong. (Str +4, Int/Dex
                  | -1) [potion of mutation]
  5625 | D:6      | Gained mutation: You are very robust. (+20% HP) [potion of
                  | mutation]
  5625 | D:6      | Gained mutation: Your flesh is cold resistant. (rC+)
                  | [potion of mutation]
  5930 | D:6      | Reached skill level 10 in Long Blades
  6012 | D:5      | Killed Fodor's ghost
  6039 | Temple   | Entered the Ecumenical Temple
  6119 | D:7      | Found a sand-covered staircase.
  6120 | D:7      | Noticed Pikel
  6136 | D:7      | Reached skill level 1 in Evocations
  6141 | D:7      | Killed Pikel
  6142 | D:7      | Reached skill level 1 in Throwing
  6142 | D:7      | Reached XP level 10. HP: 80/80 MP: 10/10
  6152 | Ossuary  | Entered an ossuary
  6237 | Ossuary  | Reached *** piety under Trog
  6398 | Ossuary  | Noticed Menkaure
  6409 | Ossuary  | Killed Menkaure
  6409 | Ossuary  | Reached **** piety under Trog
  6709 | D:7      | Found a snail-covered altar of Cheibriados.
  6821 | D:7      | Reached skill level 5 in Dodging
  7233 | D:8      | Found a burning altar of Makhleb.
  7302 | D:8      | Reached skill level 6 in Fighting
  7483 | D:8      | Paralysed by a hornet for 1 turns
  7528 | D:8      | Noticed a two-headed ogre
  7537 | D:8      | Killed a two-headed ogre
  7574 | D:8      | Found a sparkling altar of Nemelex Xobeh.
  8193 | D:9      | Found a stormy altar of Qazlal.
  8269 | D:9      | Found a shadowy altar of Dithmenos.
  8269 | D:9      | Found a white marble altar of Elyvilon.
  8286 | D:9      | Found a flagged portal.
  8299 | Bailey   | Entered a bailey
  8328 | Bailey   | Reached XP level 11. HP: 88/88 MP: 11/11
  8373 | Bailey   | Reached ***** piety under Trog
  8454 | Bailey   | Reached skill level 7 in Fighting
  8482 | Bailey   | Noticed a vault guard
  8482 | Bailey   | Noticed Prince Ribbit
  8503 | Bailey   | Killed a vault guard
  8515 | Bailey   | Killed Prince Ribbit
  8585 | Bailey   | Noticed a vault guard
  8600 | Bailey   | Killed a vault guard
  8722 | D:9      | Found a glowing silver altar of Zin.
  8963 | D:9      | Found a sacrificial altar of Ru.
  9492 | D:10     | Entered Level 10 of the Dungeon
  9589 | D:10     | Noticed Maggie
  9597 | D:10     | Killed Maggie
  9644 | D:10     | Noticed a two-headed ogre
  9653 | D:10     | Killed a two-headed ogre
  9953 | D:10     | Found Oneof Fymynn's Antique Armour Boutique.
  9960 | D:10     | Noticed Joseph
  9971 | D:10     | Killed Joseph
  9972 | D:10     | Reached skill level 8 in Fighting
  9975 | D:10     | Reached XP level 12. HP: 56/98 MP: 12/12
 10049 | D:10     | Noticed Amaemon
 10049 | D:10     | Found the +6 Majin-Bo {spellvamp, MP+6 Int+6}
 10063 | D:10     | Killed Amaemon
 10155 | D:10     | Noticed Nergalle
 10162 | D:10     | Killed Nergalle
 10452 | D:10     | Found a staircase to the Lair.
 10644 | D:11     | Found a staircase to the Orcish Mines.
 10777 | D:11     | Found a basalt altar of Yredelemnul.
 10905 | D:11     | Reached skill level 9 in Fighting
 11028 | D:11     | Noticed a two-headed ogre
 11035 | D:11     | Killed a two-headed ogre
 11035 | D:11     | Noticed a two-headed ogre
 11053 | D:11     | Killed a two-headed ogre
 11110 | D:11     | Reached ****** piety under Trog
 11121 | D:11     | Received a gift from Trog
 11126 | D:11     | Reached skill level 10 in Stealth
 11232 | D:11     | Reached skill level 10 in Shields
 11232 | D:11     | Reached XP level 13. HP: 108/108 MP: 13/13
 11679 | D:12     | Found Ugraq's Magic Scroll Shop.
 11682 | D:12     | Bought a scroll of identify for 26 gold pieces
 11682 | D:12     | Bought a scroll of identify for 26 gold pieces
 11682 | D:12     | Bought a scroll of fear for 52 gold pieces
 11682 | D:12     | Bought a scroll of summoning for 123 gold pieces
 11693 | D:12     | Identified a scroll of acquirement
 11694 | D:12     | Acquired a +4 ring of protection
 12386 | Lair:1   | Entered Level 1 of the Lair of Beasts
 12457 | Lair:1   | Reached skill level 10 in Fighting
 12736 | Lair:1   | You fall into a shaft and drop 1 floor!
 12839 | Lair:2   | Found an ancient bone altar of Kikubaaqudgha.
 12991 | Lair:2   | Found a staircase to the Shoals.
 13119 | Lair:2   | Received a gift from Trog
 13120 | Lair:2   | Reached skill level 10 in Dodging
 13169 | Lair:2   | Found a hole to the Spider Nest.
 14053 | Lair:3   | Found a gate leading to a gauntlet.
 14062 | Gauntlet | Entered a Gauntlet
 14062 | Gauntlet | Found a transporter.
 14070 | Gauntlet | Found a transporter.
 14071 | Gauntlet | Found a transporter.
 14090 | Gauntlet | Found a transporter.
 14092 | Gauntlet | Found a transporter.
 14105 | Gauntlet | Found a transporter.
 14117 | Gauntlet | Found a runed translucent gate.
 14118 | Gauntlet | Found a transporter.
 14118 | Gauntlet | Found a runed translucent gate.
 14119 | Gauntlet | Found a runed translucent gate.
 14122 | Gauntlet | Found a transporter.
 14142 | Gauntlet | Found a transporter.
 14151 | Gauntlet | Found a transporter.
 14157 | Gauntlet | Found a transporter.
 14160 | Gauntlet | Found a transporter.
 14191 | Gauntlet | Found a runed translucent door.
 14193 | Gauntlet | Found a transporter.
 14194 | Gauntlet | Found the ring of the Hare {EV+10}
 14195 | Gauntlet | Found a runed translucent door.
 14198 | Gauntlet | Found a transporter.
 14282 | Gauntlet | Reached XP level 14. HP: 109/118 MP: 14/14
 14381 | Gauntlet | Reached skill level 11 in Fighting
 14392 | Gauntlet | Identified the +5 longbow of Amorous Purpose {freeze, rElec
                  | Str+5 SInv Stlth+}
 14789 | Lair:3   | Found a transporter.
 14840 | Lair:3   | Found a transporter.
 14890 | Lair:3   | Noticed monsoonserge's ghost (journeyman MeGl)
 14892 | Lair:3   | Found a bloodstained altar of Trog.
 14938 | Lair:3   | Killed monsoonserge's ghost
 15600 | Lair:4   | Received a gift from Trog
 15666 | Lair:4   | Reached skill level 12 in Fighting
 16121 | Lair:5   | Entered Level 5 of the Lair of Beasts
 16288 | Lair:5   | Reached skill level 5 in Evocations
 16342 | Lair:5   | Reached XP level 15. HP: 116/130 MP: 15/15
 16344 | Lair:5   | Reached skill level 13 in Fighting
 16632 | Lair:5   | Found a staircase to the Slime Pits.
 16736 | Lair:5   | Received a gift from Trog
 16747 | Lair:5   | Reached skill level 15 in Long Blades
 17024 | Lair:5   | Reached skill level 14 in Fighting
 17150 | Lair:5   | Found a corrupted altar of Lugonu.
 17150 | Lair:5   | Found a one-way gate to the infinite horrors of the Abyss.
 17619 | D:13     | Noticed Snorg
 17631 | D:13     | Killed Snorg
 17673 | D:13     | Found a blossoming altar of Fedhas.
 17869 | D:13     | Reached skill level 15 in Fighting
 18004 | D:13     | Noticed Kirke
 18020 | D:13     | Killed Kirke
 18479 | D:14     | Reached skill level 16 in Fighting
 18648 | D:14     | Found a broken altar of Ashenzari.
 18669 | D:14     | Identified the +1 mace "Rummage" {freeze, Int+4}
 18779 | D:14     | Found a gate to the Vaults.
 19115 | D:15     | Entered Level 15 of the Dungeon
 19142 | D:15     | Reached skill level 17 in Fighting
 19144 | D:15     | Received a gift from Trog
 19167 | D:15     | Reached XP level 16. HP: 121/151 MP: 16/16
 19431 | D:15     | Found a staircase to the Depths.
 19796 | Orc:1    | Entered Level 1 of the Orcish Mines
 19796 | Orc:1    | Noticed Fannar
 19814 | Orc:1    | Noticed Jorgrun
 19817 | Orc:1    | Killed Fannar
 19828 | Orc:1    | Killed Jorgrun
 19829 | Orc:1    | Reached skill level 18 in Fighting
 19896 | Orc:1    | Found Winamia's Assorted Antiques.
 19903 | Orc:1    | Found Neij's Magic Scroll Shoppe.
 19952 | Orc:1    | Found Fosel's Antique Armour Boutique.
 20033 | Orc:1    | Found Ysmaq's Jewellery Emporium.
 20284 | Orc:1    | Bought the amulet "Qemumekk" {Spirit rC- rN+++ Regen+} for
                  | 714 gold pieces
 20299 | Orc:2    | Entered Level 2 of the Orcish Mines
 20333 | Orc:2    | Found a staircase to the Elven Halls.
 20370 | Orc:2    | Noticed Urug
 20404 | Orc:2    | Found Vesod's Distillery.
 20404 | Orc:2    | Found Oluniff's Antique Weapon Shop.
 20419 | Orc:2    | Found Ewylod's Assorted Antiques.
 20419 | Orc:2    | Found Sereodd's Jewellery Shop.
 20435 | Orc:2    | Paralysed by an orc sorcerer for 5 turns
 20577 | Orc:2    | Noticed Saint Roka
 20628 | Orc:2    | Killed Urug
 20750 | Orc:2    | Killed Saint Roka
 21097 | Orc:2    | Bought the ring of Wubrutud {Dex+6 Slay+5} for 704 gold
                  | pieces
 21197 | Orc:2    | Bought a dark potion for 27 gold pieces
 21199 | Orc:2    | Bought 2 potions of heal wounds for 150 gold pieces
 21199 | Orc:2    | Bought a potion of heal wounds for 75 gold pieces
 21199 | Orc:2    | Bought 2 potions of heal wounds for 150 gold pieces
 21199 | Orc:2    | Bought a potion of heal wounds for 75 gold pieces
 21306 | Shoals:1 | Entered Level 1 of the Shoals
 21308 | Shoals:1 | Identified the +2 ring mail "Uguhor" {Regen+ rCorr}
 21362 | Shoals:1 | Received a gift from Trog
 21583 | Shoals:1 | Found Dequxydi's Assorted Antiques.
 21591 | Shoals:1 | Bought a bronze wand for 100 gold pieces
 22844 | Shoals:3 | Found a transporter.
 22844 | Shoals:3 | Found a transporter.
 22851 | Shoals:3 | Found a transporter.
 22933 | Shoals:3 | Reached XP level 17. HP: 162/162 MP: 17/17
 22987 | Shoals:3 | Received a gift from Trog
 23006 | Shoals:3 | Found a transporter.
 23010 | Shoals:3 | Found a transporter.
 23198 | Shoals:3 | Noticed a kraken
 23215 | Shoals:3 | Killed a kraken
 23861 | Shoals:4 | Entered Level 4 of the Shoals
 23873 | Shoals:4 | Reached skill level 19 in Fighting
 23926 | Shoals:4 | Paralysed by an air elemental for 1 turns
 24126 | Shoals:4 | Paralysed by an air elemental for 1 turns
 24164 | Shoals:4 | Received a gift from Trog
 24190 | Shoals:4 | HP: 1/164 [merfolk/+0 trident (17)]
 24360 | Shoals:4 | Reached skill level 10 in Evocations
 24413 | Shoals:4 | Got a barnacled rune of Zot
 24634 | Shoals:4 | Paralysed by an air elemental for 1 turns
 24805 | Shoals:4 | Reached XP level 18. HP: 146/172 MP: 15/18
 24852 | Shoals:4 | Paralysed by an air elemental for 1 turns
 25210 | Spider:1 | Entered Level 1 of the Spider Nest
 25311 | Spider:1 | Identified Roxanne's Parchment of the Fjord
 25311 | Spider:1 | Noticed Roxanne
 25365 | Spider:1 | Killed Roxanne
 25645 | Spider:1 | Received a gift from Trog
 26218 | Spider:2 | Reached skill level 20 in Fighting
 26358 | Spider:2 | Received a gift from Trog
 26533 | Spider:3 | Blown up by an orb spider

Illustrated notes

Levels and vault maps discovered:
D:1:      erik_arrival_triangle_huge, layout_basic,
          shapermc_ecumenical_altar_rom_forum, kennysheep_flooded_box,
          minmay_tetromino_l4
D:2:      layout_basic, minmay_misc_feat_enclosed, kennysheep_generic_room_2
D:3:      layout_loops_ring, grunt_temple_overflow_diamond,
          minmay_strange_pillars, minivault_14
D:4:      layout_cave_pods, chequers_temple_overflow_minitemple,
          minmay_shop_mayhem
D:5:      kennysheep_six_static_rooms, layout_gridville, dk_yredelemnul_ordeal,
          portal_sewer_entry_d, ebering_ghost_disaster_area, uniq_eustachio
D:6:      layout_basic, minmay_temple_entry_proselytizer, serial_shops, shop,
          gammafunk_ghost_necromancy, chequers_decorated_corner,
          hangedman_decor_opposing, small_statue_intersection
D:7:      layout_gridville, cheibrodos_worm_habitat,
          nicolae_ossuary_entry_ruins, uniq_pikel
D:8:      layout_gridville, makhleb_grotto_becter,
          nemelex_xobeh_ov_fountains_minmay
D:9:      layout_roguey [special_room_orc], nicolae_ru_great_annihilating_truth,
          gammafunk_temple_overflow_elements, zin_treasury,
          nicolae_qazlal_style_of_elements, enter_bailey_2
D:10:     layout_basic, david_lair_shrubbed, serial_shops, shop, uniq_nergalle,
          uniq_joseph, uniq_maggie, uniq_amaemon
D:11:     layout_rooms, hiddenorc2_lemuel, special_room [special_room_bee],
          nicolae_yredelemnul_corpse_copse
D:12:     layout_cave_pods, serial_shops, nicolae_shop_tiny_real_fake_doors,
          kennysheep_generic_room_8
D:13:     layout_roguey, tgw_fedhas, uniq_snorg, uniq_kirke
D:14:     layout_gridville, grunt_vaults_entry_fortified, nrook_mini_vaults,
          chequers_serial_rivers_micro_c, nicolae_ashenzari_panopticon
D:15:     grunt_enter_depths_snipers, layout_basic, serial_bayou_lagoon_a
Temple:   nicolae_temple_ecumenical_triangle
Lair:1:   layout_regular_city, cheibrodos_lair_reptile_den
Lair:2:   layout_loops_ring, minmay_shoals_entry_centaurs,
          spider_nest_entry_funnel_web, basic_altar, serial_bayou_pond_e
Lair:3:   layout_regular_city, gammafunk_ghost_wrathful_warriors,
          gauntlet_entry_generic, serial_bayou_shore_a
Lair:4:   layout_misc_corridors, grunt_megastairs_5
Lair:5:   hellmonk_lair_end_abyssal_woods, layout_long_grid,
          minmay_slime_entry_oklob_open, grunt_megastairs_1, lemuel_fruit_fields
Shoals:1: layout_shoals, serial_shops, nicolae_shop_trees
Shoals:2: layout_shoals, nicolae_shoals_stone_sculpture_thing
Shoals:3: layout_shoals, serial_nicolae_subway, nicolae_sub_station_metal,
          nicolae_sub_station_crystal, nicolae_sub_station_stone
Shoals:4: shoals_end_hellmonk_storm_palace [storm_palace_center_ruins,
          storm_palace_corner_reverse_hut, storm_palace_corner_reverse_hut,
          storm_palace_corner_reverse_hut, storm_palace_corner_grid],
          serial_shops
Spider:1: layout_spider_delve, nicolae_spider_scorpion_nest, uniq_roxanne
Spider:2: layout_spider_delve
Spider:3: layout_spider_delve, portal_ice_cave_entry_pillars_four
Orc:1:    layout_caves, serial_shops, shop, nicolae_shop_advertising_works
          [nicolae_subvault_shop_adworks], nicolae_shop_dealshenge, shop,
          uniq_fannar, uniq_jorgrun
Orc:2:    grunt_orc_tribal_feast, layout_diamond_mine, basic_altar,
          uniq_saint_roka, uniq_urug

Skill      XL: |  1  2  3  4  5  6  7  8  9 10 11 12 13 14 15 16 17 18 |
---------------+-------------------------------------------------------+-----
Stealth        | 1 2 3 4 5 6 7 8 10 | 10.0
Long Blades    | 3 4 5 7 10 11 12 13 14 15 16 17 | 17.6
Dodging        | 4 5 7 8 10 11 12 13 | 13.7
Fighting       | 4 5 6 8 9 10 12 17 18 19 20 | 20.1
Shields        | 4 5 6 7 8 10 11 12 13 | 13.7
Evocations     | 1 3 4 5 8 9 10 11 | 11.0
Throwing       | 1 2 3 |  3.0

Action                     |  1- 3 |  4- 6 |  7- 9 | 10-12 | 13-15 | 16-18 || total
---------------------------+-------+-------+-------+-------+-------+-------++-------
  Melee: Long sword        |    62 |   102 |   142 |       |       |       ||   306
         Tentacles         |    12 |    23 |    37 |   143 |   392 |   372 ||   979
         Constrict         |    10 |    20 |    39 |   131 |   237 |   283 ||   720
         Punch             |       |     1 |     3 |     8 |    14 |    22 ||    48
         Falchion          |       |       |    70 |   305 |       |       ||   375
         Scimitar          |       |       |       |   333 |   510 |       ||   843
         Demon blade       |       |       |       |       |   606 |  1112 ||  1718
         Unarmed           |       |       |       |       |    10 |       ||    10
  Throw: Dart              |       |       |     7 |    14 |    16 |    22 ||    59
 Invoke: Berserk           |       |       |     6 |    16 |    14 |    10 ||    46
         Trog's Hand       |       |       |     2 |     3 |     2 |     6 ||    13
         Brothers in Arms  |       |       |       |       |       |     1 ||     1
  Evoke: Wand              |       |       |       |       |     1 |     2 ||     3
    Use: Scroll            |     4 |     4 |    10 |     4 |    18 |     5 ||    45
         Potion            |       |     1 |     3 |       |     1 |     4 ||     9
   Stab: Sleeping          |     7 |     7 |     8 |    34 |    33 |    13 ||   102
         Distracted        |     1 |       |     1 |     1 |     3 |     6 ||    12
 Armour: Skin              |     3 |     2 |     5 |    10 |    32 |    56 ||   108
  Dodge: Dodged            |    34 |    88 |   178 |   380 |   664 |   964 ||  2308
  Block: Buckler           |    12 |    21 |     9 |       |       |       ||    42
         Kite shield       |       |       |   100 |   270 |   531 |   628 ||  1529
